 Dungeon Crawl Stone Soup version 0.32-a0-871-ge202e49faa (webtiles) character file.

Game seed: 6661081924145032772

2749475 Xoff the Archmage (level 27, 209/209 HPs)
             Began as a Gnoll Conjurer on Mar 25, 2024.
             Was the Champion of Vehumet.
             Escaped with the Orb
             ... and 5 runes on Mar 29, 2024!
             The game lasted 07:11:06 (94260 turns).

Xoff the Archmage (Gnoll Conjurer)                 Turns: 94260, Time: 07:11:06

Health: 209/209    AC: 38    Str:  9    XL:     27
Magic:  63/63      EV: 20    Int: 30    God:    Vehumet [******]
Gold:   4956       SH: 35    Dex: 19    Spells: 10/80 levels left

rFire   + . .        b - staff of cold
rCold   + + .        f - +18 shield of the Gong {Loud rN+ Will+ rCorr EV-5}
rNeg    + + +        I - +1 faerie dragon scales {rPois rCorr}
rPois   +            s - +1 helmet "Ceton" {rC+}
rElec   .            v - +4 dragonskin cloak {Aegis}
rCorr   +            N - +2 pair of gloves {Dex+3}
SInv    .            d - +2 pair of boots {Fly}
Will    ++++.        P - amulet of Vitality {Regen++ RegenMP++}
Stlth   +++          F - ring of Punkorgh {rF+ rN++ MP+9 Str+2 Dex+6 Slay+3}
HPRegen 2.14/turn    W - ring of the Tortoise {AC+8}
MPRegen 1.18/turn

%: random rage (9%)
@: flying, studying 3 skills
A: fangs 1, strong nose, distributed training, iridescent scales 1, berserk 2,
clumsy 1, deformed body, frail 1, strong-willed 1, subdued magic 1
0: Orb of Zot �: 5/15 runes: decaying, slimy, silver, abyssal, gossamer
a: Renounce Religion


You escaped.
You worshipped Vehumet.
Vehumet was exalted by your worship.
You visited 14 branches of the dungeon, and saw 58 of its levels.
You visited the Abyss 38 times.
You also visited: Ossuary, Gauntlet and Wizlab.

You collected 8914 gold pieces.
You spent 3958 gold pieces at shops.

Inventory:

Hand Weapons
 t - the +3 demon whip of the Exiled Friends {pain, rPois rF+ rCorr SInv}
   (You found it on level 5 of the Pits of Slime)

   rF+:       It protects you from fire.
   rPois:     It protects you from poison.
   SInv:      It lets you see invisible.
   rCorr:     It protects you from acid and corrosion.
 Z - the +9 scimitar of Ebyuk {vamp, rElec rC+++ Will- rCorr}
   (You took it off a vault warden on level 3 of the Vaults)

   rC+++:     It renders you almost immune to cold.
   rElec:     It insulates you from electricity.
   Will-:     It decreases your willpower.
   rCorr:     It protects you from acid and corrosion.
Missiles
 i - 2 curare-tipped darts (quivered)
 D - 3 poisoned darts
Armour
 d - a +2 pair of boots of flying (worn)
 f - the +18 shield of the Gong (worn) {Loud rN+ Will+ rCorr EV-5}
   (You found it on level 9 of the Dungeon)

   Loud:      It is deafeningly noisy when blocking attacks.
   EV-5:      It affects your evasion (-5).
   rN+:       It protects you from negative energy.
   Will+:     It increases your willpower.
   rCorr:     It protects you from acid and corrosion.
 s - the +1 helmet "Ceton" (worn) {rC+}
   (You found it on level 3 of the Swamp)

   rC+:       It protects you from cold.
 v - the +4 dragonskin cloak (worn) {Aegis}
   (You took it off Tiamat on level 1 of the Realm of Zot)

   Avatar's Aegis: It grants the wearer a chance to resist fire, cold, poison,
   electricity, acid, and negative energy.
 I - the +1 faerie dragon scales (worn) {rPois rCorr}
   (You took it off the Enchantress on level 2 of the Depths)

   rPois:     It protects you from poison.
   rCorr:     It protects you from acid and corrosion.
 N - a +2 pair of gloves of dexterity (worn)
Magical Staves
 b - a staff of cold (weapon)
 w - a staff of death
 S - the staff of War {rPois rF+ rCorr Alchemy}
   (You found it on level 5 of the Vaults)

   [staff of alchemy]

   Base accuracy: +5 Base damage: 5 Base attack delay: 1.2 This weapon's minimum
   attack delay (0.6) is reached at skill level 12.
   rF+:       It protects you from fire.
   rPois:     It protects you from poison.
   rCorr:     It protects you from acid and corrosion.
   Alchemy:   It increases the power of your Alchemy spells.
   It falls into the 'Staves' category.
   It is a one-handed weapon.
 V - a staff of fire
Jewellery
 C - the ring of the Priest {rElec MP+9 Int+6 Dex-2 Stlth+}
   (You took it off a minotaur in a Gauntlet)

   [ring of intelligence]

   Int+6:     It affects your intelligence (+6).
   Dex-2:     It affects your dexterity (-2).
   rElec:     It insulates you from electricity.
   MP+9:      It affects your magic capacity (+9).
   Stlth+:    It makes you more stealthy.
 F - the ring of Punkorgh (left hand) {rF+ rN++ MP+9 Str+2 Dex+6 Slay+3}
   (You found it on level 3 of the Crypt)

   [ring of dexterity]

   Str+2:     It affects your strength (+2).
   Dex+6:     It affects your dexterity (+6).
   Slay+3:    It affects your accuracy & damage with ranged weapons and melee
   (+3).
   rF+:       It protects you from fire.
   rN++:      It greatly protects you from negative energy.
   MP+9:      It affects your magic capacity (+9).
 P - the amulet of Vitality (around neck) {Regen++ RegenMP++}
   (You found it on level 3 of the Elven Halls)

   [amulet of nothing]

   Regen++:   It increases your rate of health regeneration.
   RegenMP++: It increases your rate of magic regeneration.
 Q - the amulet "Cown" {Reflect Will+ Str+4 SH+5}
   (You found it on level 6 of the Dungeon)

   [amulet of reflection]

   Reflect:   It reflects blocked missile attacks.
   Str+4:     It affects your strength (+4).
   Will+:     It increases your willpower.
   SH+5:      It affects your SH (+5).
 W - the ring of the Tortoise (right hand) {AC+8}
   (You found it on level 3 of the Elven Halls)

   [ring of protection]

   AC+8:      It affects your AC (+8).
 X - the ring "Aleb" {+Blink rPois rN++ MP+9 Str-4 Int+6}
   (You found it on level 3 of the Crypt)

   [ring of intelligence]

   Str-4:     It affects your strength (-4).
   Int+6:     It affects your intelligence (+6).
   rPois:     It protects you from poison.
   rN++:      It greatly protects you from negative energy.
   MP+9:      It affects your magic capacity (+9).
   +Blink:    It lets you blink.
Wands
 h - a wand of mindburst (12)
 o - a wand of iceblast (62)
 L - a wand of light (25)
Scrolls
 c - a scroll of enchant armour
 k - a scroll of torment
 m - 27 scrolls of teleportation
 q - 2 scrolls of enchant weapon
 r - 5 scrolls of summoning
 u - 15 scrolls of blinking
 y - 2 scrolls of poison
 E - a scroll of amnesia
 K - 7 scrolls of fear
 M - 11 scrolls of fog
 R - 7 scrolls of revelation
Potions
 e - 17 potions of heal wounds
 g - 10 potions of brilliance
 j - 13 potions of ambrosia
 l - 27 potions of curing
 n - a potion of mutation
 p - 12 potions of resistance
 B - 9 potions of invisibility
 H - 11 potions of magic
 J - 2 potions of enlightenment
 Y - 16 potions of haste
Miscellaneous
 a - a sack of spiders
 x - a Gell's gravitambourine (2/2)
 A - the horn of Geryon (inert)
 G - a phantom mirror (inert)
 T - a lightning rod (4/4)
 U - a phial of floods


   Skills:
 + Level 22.8 Fighting
 + Level 22.8 Short Blades
 + Level 22.8 Long Blades
 + Level 22.8 Axes
 O Level 27 Maces & Flails
 + Level 22.8 Polearms
 + Level 22.8 Staves
 + Level 22.8 Ranged Weapons
 + Level 22.8 Throwing
 + Level 25.2 Armour
 + Level 23.1 Dodging
 + Level 23.1 Stealth
 + Level 22.8 Shields
 + Level 22.8 Unarmed Combat
 O Level 27 Spellcasting
 + Level 20.5 Conjurations
 + Level 19.5 Hexes
 + Level 22.4 Summonings
 + Level 19.5 Necromancy
 + Level 23.7 Translocations
 + Level 19.5 Fire Magic
 + Level 19.5 Ice Magic
 + Level 19.5 Air Magic
 + Level 19.5 Earth Magic
 + Level 19.5 Alchemy
 + Level 24.5 Invocations
 + Level 22.8 Evocations
 + Level 21.1 Shapeshifting


You had 10 spell levels left.
You knew the following spells:

 Your Spells              Type           Power      Damage    Failure   Level
c - Iskenderun's Mystic   Conj/Tloc      93%        2d18      (+2d10%     4
d - Frozen Ramparts       Ice            100%       1d16      0%          3
e - Blink                 Tloc           100%       N/A       0%          2
f - Olgreb's Toxic Radia  Alch           88%        N/A       0%          4
g - Dispel Undead         Necr           88%        3d28      0%          4
h - Ignition              Fire           44%        3d13      1%          8
i - Mephitic Cloud        Conj/Alch/Air  89%        N/A       0%          3
j - Plasma Beam           Fire/Air       44%        2x1d58    1%          6
k - Permafrost Eruption   Ice/Erth       55%        2x4d15    1%          6
l - Ignite Poison         Fire/Alch      88%        N/A       0%          4
m - Lee's Rapid Deconstr  Erth           44%        3d21*     0%          5
n - Maxwell's Capacitive  Air            44%        ∞         1%          8
o - Disjunction           Tloc           48%        N/A       1%          8
p - Yara's Violent Unrav  Hex/Alch       44%        3d17      0%          5

Your spell library contained the following spells:

 Spells                   Type           Power      Damage    Failure   Level
 Shatter                  Erth           44%        3d34*     9%          9
 Apportation              Tloc           100%       N/A       0%          1
 Foxfire                  Conj/Fire      100%       2x1d9     0%          1
 Freeze                   Ice            100%       1d10      0%          1
 Kiss of Death            Conj/Necr      100%       2d13      0%          1
 Magic Dart               Conj           100%       1d8       0%          1
 Necrotise                Necr           100%       1d9       0%          1
 Shock                    Conj/Air       100%       1d9       0%          1
 Slow                     Hex            100%       N/A       0%          1
 Sting                    Conj/Alch      100%       1d9       0%          1
 Summon Small Mammal      Summ           100%       N/A       0%          1
 Call Imp                 Summ           100%       N/A       0%          2
 Cigotuvi's Dreadful Rot  Necr/Alch/Air  100%       N/A       0%          2
 Ensorcelled Hibernation  Hex/Ice        100%       N/A       0%          2
 Jinxbite                 Hex            100%       N/A       0%          2
 Lesser Beckoning         Tloc           100%       N/A       0%          2
 Mercury Vapours          Alch/Air       100%       N/A       0%          2
 Momentum Strike          Conj/Tloc      100%       3d10      0%          2
 Scorch                   Fire           100%       2d9       0%          2
 Searing Ray              Conj           100%       2d8       0%          2
 Sublimation of Blood     Necr           88%        N/A       0%          2
 Call Canine Familiar     Summ           94%        N/A       0%          3
 Confusing Touch          Hex            88%        N/A       0%          3
 Dazzling Flash           Conj/Hex       100%       N/A       0%          3
 Fugue of the Fallen      Necr           88%        N/A       0%          3
 Hailstorm                Conj/Ice       100%       3d16      0%          3
 Inner Flame              Hex/Fire       88%        N/A       0%          3
 Ozocubu's Armour         Ice            100%       N/A       0%          3
 Passwall                 Erth           88%        N/A       0%          3
 Sigil of Binding         Hex            88%        N/A       0%          3
 Summon Ice Beast         Ice/Summ       100%       N/A       0%          3
 Swiftness                Air            88%        N/A       0%          3
 Teleport Other           Tloc           96%        N/A       0%          3
 Tukima's Dance           Hex            88%        N/A       0%          3
 Vampiric Draining        Necr           88%        2d12      0%          3
 Volatile Blastmotes      Fire/Tloc      100%       2d18      0%          3
 Anguish                  Hex/Necr       44%        N/A       0%          4
 Animate Armour           Summ/Erth      100%       N/A       0%          4
 Animate Dead             Necr           88%        N/A       0%          4
 Cause Fear               Hex            44%        N/A       0%          4
 Dimensional Bullseye     Hex/Tloc       46%        N/A       0%          4
 Flame Wave               Conj/Fire      89%        2d19      0%          4
 Fulminant Prism          Conj/Alch      44%        3d19      0%          4
 Martyr's Knell           Necr/Summ      91%        N/A       0%          4
 Maxwell's Portable Pile  Tloc           96%        2d(19-38) 0%          4
 Passage of Golubria      Tloc           96%        N/A       0%          4
 Sticky Flame             Fire/Alch      88%        2d13      0%          4
 Summon Blazeheart Golem  Fire/Summ      91%        N/A       0%          4
 Summon Lightning Spire   Summ/Air       91%        N/A       0%          4
 Vhi's Electric Charge    Tloc/Air       100%       N/A       0%          4
 Alistair's Intoxication  Alch           58%        N/A       0%          5
 Arcjolt                  Conj/Air       44%        1d54      0%          5
 Borgnjor's Vile Clutch   Necr/Erth      44%        N/A       0%          5
 Curse of Agony           Necr           88%        N/A       0%          5
 Fireball                 Conj/Fire      44%        3d18      0%          5
 Freezing Cloud           Conj/Ice/Air   55%        6-21      0%          5
 Iskenderun's Battlesphe  Conj           90%        2d14      0%          5
 Metabolic Englaciation   Hex/Ice        55%        N/A       0%          5
 Silence                  Hex/Air        44%        N/A       0%          5
 Summon Forest            Summ/Tloc      47%        N/A       0%          5
 Summon Mana Viper        Hex/Summ       91%        N/A       0%          5
 Conjure Ball Lightning   Conj/Air       44%        3x3d15    0%          6
 Starburst                Conj/Fire      44%        6d12      0%          6
 Summon Cactus Giant      Summ           47%        N/A       0%          6
 Death Channel            Necr           44%        N/A       1%          6
 Eringya's Noxious Bog    Alch           44%        4d6       1%          6
 Sculpt Simulacrum        Ice/Alch       55%        N/A       1%          6
 Malign Gateway           Summ/Tloc      47%        N/A       1%          7
 Manifold Assault         Tloc           48%        N/A       1%          7
 Monstrous Menagerie      Summ           47%        N/A       1%          7
 Orb of Destruction       Conj           45%        9d12      1%          7
 Ozocubu's Refrigeration  Ice            55%        4d19      1%          7
 Spellforged Servitor     Conj/Summ      46%        N/A       1%          7
 Summon Hydra             Summ           47%        N/A       1%          7
 Discord                  Hex            44%        N/A       1%          8
 Infestation              Necr           44%        N/A       1%          8
 Lehudib's Crystal Spear  Conj/Erth      44%        10d11     1%          8
 Summon Horrible Things   Summ           47%        N/A       1%          8
 Chain Lightning          Conj/Air       44%        3d59      7%          9
 Fire Storm               Conj/Fire      44%        8d11      7%          9
 Dragon's Call            Summ           47%        N/A       9%          9
 Death's Door             Necr           44%        N/A       30%         9


Dungeon Overview and Level Annotations

Branches:
Dungeon (15/15)            Temple (1/1) D:7            Lair (5/5) D:11
  Swamp (4/4) Lair:3       Spider (4/4) Lair:3        Slime (5/5) Lair:5
    Orc (2/2) D:10            Elf (3/3) Orc:2        Vaults (5/5) D:13
  Crypt (3/3) Vaults:3       Tomb (1/3) Crypt:3      Depths (4/4) D:15
   Hell (visited)             Dis (0/7) Hell            Geh (0/7) Hell
    Coc (0/7) Hell            Tar (0/7) Hell            Zot (5/5) Depths:4
Ossuary (visited)          WizLab (visited)         Gauntlet (visited)

Altars:
Ashenzari
Cheibriados
Dithmenos
Elyvilon
Fedhas
Gozag
Hepliaklqana
Kikubaaqudgha
Makhleb
Nemelex Xobeh
Okawaru
Qazlal
Ru
Sif Muna
Trog
Uskayaw
Vehumet
Wu Jian
Xom
Yredelemnul
Zin
The Shining One
Jiyva

Shops:
D:2 :!*:   D:5 ?   D:8 (   D:10 [   D:11 :   Orc:2 :(*!   Elf:2 ?   Elf:3 [
Vaults:2 *   Vaults:3 (

Portals:
Hell: Depths:1 Depths:2 Depths:3 Depths:4
Abyss: Depths:3
Pandemonium: Depths:2
Ziggurat: Depths:1

Annotations:
Zot:5 1 exclusion


Innate Abilities, Weirdness & Mutations

You have very sharp teeth.
Your uncanny sense of smell can sniff out nearby items.
Your experience applies equally to all skills.
You are partially covered in iridescent scales. (AC +2)
You have an uncontrollable temper.
You are clumsy. (Dex -2)
Armour fits poorly on your strangely shaped body.
You are frail. (-10% HP)
You are strong-willed. (Will+)
Your spells are a little easier to cast, but a little less powerful.


Message History

The profane servitor resists.
The profane servitor is almost destroyed.
The profane servitor hits you but does no damage.
You are poisoned.
The profane servitor hits you but does no damage.
Casting: Permafrost Eruption (safe; 1% risk of failure)
Confirm with . or Enter, or press ? or * to list all spells.
You erupt in a blast of force!
The mystic blast hits the profane servitor!!
The profane servitor is almost destroyed.
The profane servitor is knocked back by the mystic blast.
The profane servitor slams into the rock wall!
You destroy the profane servitor!
Vehumet accepts your kill.
You feel your power returning.
You feel very sick.
You feel sick.
You feel sick.
HP restored.
You feel sick.
You feel sick.
You feel sick.
There is a stone staircase leading up here.
You start resting.
HP restored.
You feel sick.
You start resting.
HP restored.
You feel sick.
You are no longer poisoned.
You start resting.
HP restored.
Magic restored.
You fly upwards.
There is a stone staircase leading down here.
Things that are here:
a +0 robe; a +0 dagger; an orc skeleton
There is a stone staircase leading up here.
Things that are here:
a +0 spear; an orc skeleton You fly upwards.
There is a stone staircase leading down here.
A rust devil comes into view.
The rust devil moves out of view.
There is a staircase leading out of the dungeon here.
You have escaped!

.##.#.#...#.........##.#.........
....#.#...#.........##.###.####.#
.#..#.#..........##.##...........
.................................
.##....#.#.......##.##..##.......
.##....#.##########.#............
.##..............................
.###..##.##.....>##.#...##...##.#
................@##.#.#.##...##..
.................................
......##..#......##.#.#.##...####
..........#......##.#.#.##4..####
.............................##..
####..##..##...............).....
####..##..##..#..##.#............
.................##.##....#.###..
..........##.....##.#.....#....##


There were no monsters in sight!

Vanquished Creatures
  the Royal Jelly (Slime:5)
  4 dread liches
  Tiamat (Zot:1)
  6 orbs of fire
  4 ancient liches
  The ghost of Konar the Ex Machina, a legendary CoHu of Okawaru (Zot:5)
  A juggernaut (Depths:2)
  Josephina (Depths:2)
  Xtahua (Vaults:2)
  2 royal mummies (Tomb:1)
  Boris (twice) (Depths:1 Crypt:2)
  5 Killer Klowns
  Saint Roka (Depths:1)
  7 caustic shrikes
  The ghost of ViolentViolet the Warrior, a veteran CoFi of Qazlal (Elf:2)
  7 curse toes
  Geryon (Hell)
  Nikola (Swamp:2)
  18 golden dragons
  3 profane servitors
  10 bone dragons
  the Enchantress (Depths:2)
  Norris (Depths:2)
  A pearl dragon (Abyss:3)
  Arachne (Spider:1)
  A shard shrike zombie (Crypt:3)
  2 electric golems (Zot:5)
  Zenata (Crypt:2)
  An Ice Fiend (Zot:1)
  A walking crystal tome (Depths:4)
  A Hell Sentinel (Abyss:3)
  32 tentacled monstrosities
  A hellephant (Abyss:3)
  Asterion (Vaults:3)
  28 Orb Guardians
  The ghost of Titucsi the Tortoise, an adept GrFi of Makhleb (Crypt:1)
  3 walking earthen tomes
  17 liches
  A tainted leviathan (Hell)
  6 titans
  6 ancient champions
  5 quicksilver dragons
  A walking frostbound tome (WizLab)
  2 deep elf master archers (Elf:3)
  51 tentacled starspawn
  6 Executioners
  3 deep elf blademasters
  Murray (Depths:4)
  6 tengu reavers
  Frances (Elf:1)
  15 acid blobs
  11 sphinxes
  14 shadow dragons
  17 death cobs
  2 thorn hunters (Abyss:3)
  Aizul (Vaults:2)
  16 storm dragons
  2 strange machines (WizLab)
  Roxanne (Spider:2)
  10 draconian monks
  6 revenants
  9 draconian knights
  18 azure jellies
  11 fire giants
  5 draconian shifters
  7 frost giants
  A fenstrider witch (Swamp:3)
  5 emperor scorpions
  15 vault wardens
  8 balrugs
  10 ghost moths
  16 rockslimes
  4 protean progenitors (Zot:5)
  12 deep elf sorcerers
  4 iron dragons
  Louise (Elf:3)
  4 deep elf elementalists
  11 draconian scorchers
  2 curse skulls
  3 orc warlords
  4 ghouls
  A juggernaut zombie (Crypt:1)
  6 reapers
  An angel (Abyss:3)
  17 ironbound preservers
  4 cacodemons
  3 draconian stormcallers
  4 formless jellyfish
  5 spriggan defenders
  4 draconian annihilators
  17 quicksilver oozes
  4 ironbound thunderhulks
  20 stone giants
  29 very ugly things
  8 vampire knights
  7 deep elf demonologists
  A starflower (Abyss:2)
  9 deep elf death magi
  9 spark wasps
  12 deep elf annihilators
  An ophan (Abyss:3)
  106 starcursed masses
  9 war gargoyles
  10 purple draconians
  7 dire elephants
  5 lorocyprocas (Abyss:3)
  14 green draconians
  A putrid mouth (Hell)
  12 yellow draconians
  13 white draconians
  Azrael (D:14)
  7 bunyips
  2 iron golems
  The ghost of sagrath the Slicer, a journeyman DsWn of Jiyva (D:12)
  A minotaur (Gauntlet)
  16 black draconians
  11 red draconians
  The ghost of Mafeotwy the Earth Mage, a journeyman GrEE of Gozag (Lair:3)
  9 eidola
  A merfolk javelineer (Depths:2)
  19 yaktaur captains
  3 blizzard demons
  10 mummy priests (Tomb:1)
  A crystal guardian (Abyss:2)
  6 green deaths
  16 ettins
  11 jiangshi
  An entropy weaver (shapeshifter) (Depths:2)
  2 merfolk impalers
  13 entropy weavers
  11 fire dragons
  5 deep elf high priests
  2 quicksilver dragon zombies
  A kraken zombie (Hell)
  Fannar (Orc:1)
  A shambling mangrove (Abyss:3)
  14 great orbs of eyes
  5 peacekeepers
  39 vault guards
  The ghost of MoonlitKnight the Skirmisher, a journeyman CoHu of Okawaru (D:9)
  2 hell beasts
  20 rakshasas
  A sphinx zombie (D:15)
  2 ghost crabs
  2 jorogumos
  17 hydras
  2 spriggan zombies
  11 ice dragons
  An alligator (shapeshifter) (Depths:3)
  An alligator (Swamp:2)
  8 centaur warriors
  13 ironbound frosthearts
  A spriggan skeleton (Hell)
  12 two-headed ogres
  3 catoblepae
  2 ogre magi
  16 boulder beetles
  6 spriggan air magi
  2 death knights
  27 dancing weapons
  3 radroaches
  A fenstrider witch skeleton (Crypt:1)
  27 death scarabs
  4 deep troll shamans
  An orc high priest (Depths:1)
  A sphinx skeleton (Crypt:3)
  7 tengu warriors
  8 vampire magi
  8 deep troll earth magi
  2 naga warriors (Abyss:3)
  27 thrashing horrors
  17 hell hogs
  4 occultists
  8 demonic crawlers
  7 spriggan berserkers
  A shock serpent (shapeshifter) (Vaults:5)
  16 spriggans
  4 titan zombies
  11 soul eaters
  23 hell knights
  2 storm dragon zombies
  16 sun demons
  3 shadow wraiths
  5 skysharks
  30 wretched stars
  16 deep elf knights
  A ghost moth zombie (Zot:2)
  12 sixfirhies
  8 iron trolls
  4 spatial maelstroms (Abyss:3)
  2 spectral death yaks (Lair:3)
  A golden dragon zombie (Zot:2)
  An anaconda zombie (Abyss:3)
  4 death drakes
  8 goliath frogs
  2 bunyip zombies (Abyss:3)
  20 skeletal warriors
  An iron giant zombie (Abyss:3)
  5 pharaoh ants
  A storm dragon skeleton (Zot:2)
  13 glowing orange brains
  65 deep trolls
  6 orb spiders
  6 swamp dragons
  4 arcanists
  10 bog bodies
  A glowing orange brain (shapeshifter) (Depths:4)
  A mana viper (Abyss:3)
  A spectral hydra (Lair:3)
  A shadow demon (Abyss:3)
  5 flayed ghosts
  A swamp dragon (shapeshifter) (Vaults:5)
  6 deep elf archers
  4 spriggan druids
  4 harpies (Vaults:1)
  36 deep elf pyromancers
  28 deep elf zephyrmancers
  3 thermic dynamos
  An alligator zombie (Hell)
  6 steelbarb worms
  6 obsidian bats
  Pikel (D:7)
  A shadow dragon zombie (Crypt:2)
  12 necromancers
  6 phantasmal warriors
  15 wolf spiders
  11 ironbound convokers
  A sphinx simulacrum (Depths:2)
  3 lindwurms
  7 orc knights
  A harpy (shapeshifter) (Abyss:3)
  A shadow dragon skeleton (Vaults:3)
  6 will-o-the-wisps
  6 shining eyes
  3 fauns (Zot:5)
  A tengu skeleton (Vaults:3)
  2 orc sorcerers
  A wolf spider (shapeshifter) (Depths:2)
  4 cyclopes
  76 large abominations
  4 manticores
  3 oklob plants (Lair:5)
  4 stone giant skeletons
  2 salamanders (Abyss:3)
  A salamander (shapeshifter) (Depths:2)
  6 meliai
  An alligator skeleton (Hell)
  43 ugly things
  5 kobold blastminers
  A human zombie (Crypt:1)
  19 worldbinders
  A dire elephant zombie (Crypt:2)
  3 centaur zombies
  9 elephants
  2 black mambas (shapeshifter) (Abyss:2)
  29 moths of wrath
  A meliai (shapeshifter) (Abyss:2)
  A frost giant skeleton (Vaults:3)
  An elephant (shapeshifter) (Vaults:5)
  An iron dragon skeleton (Crypt:2)
  2 ice statues
  15 vault sentinels
  7 black mambas
  9 apocalypse crabs
  12 cane toads
  7 molten gargoyles
  9 rust devils
  A naga mage (Abyss:3)
  4 guardian serpents (Abyss:3)
  6 torpor snails
  44 smoke demons
  3 eyes of devastation
  14 orange demons
  A green draconian zombie (Crypt:1)
  3 naga skeletons
  2 unseen horrors (Abyss:3)
  4 centaur skeletons
  A hellion (Abyss:3)
  A dire elephant skeleton (Abyss:2)
  7 freezing wraiths
  A cane toad (shapeshifter) (D:12)
  9 rime drakes
  A spark wasp simulacrum (Depths:2)
  4 tengu conjurers
  2 sea snake zombies (Hell)
  37 yaktaurs
  10 efreet
  4 unseen horrors (shapeshifter)
  5 tormentors (Abyss:3)
  4 elf skeletons
  4 ice devils
  A yaktaur skeleton (Vaults:3)
  12 komodo dragons
  36 ancient zymes
  8 guardian mummies (Tomb:1)
  A red draconian skeleton (Zot:2)
  3 polar bears
  A red devil (Abyss:3)
  A silent spectre (Vaults:2)
  3 harpy zombies
  A minotaur skeleton (Crypt:2)
  A queen bee (shapeshifter) (Elf:1)
  7 trolls
  3 bloated husks
  8 hellwings (Abyss:3)
  32 hornets
  A hydra zombie (Hell)
  8 tyrant leeches
  24 tarantellas
  2 ettin zombies
  A tarantella (shapeshifter) (D:12)
  74 raiju
  A hydra skeleton (Crypt:1)
  42 blink frogs
  A harpy skeleton (Abyss:3)
  A glass eye (shapeshifter) (Elf:2)
  5 dream sheep (Lair:4)
  2 satyr skeletons
  A frost giant simulacrum (Depths:2)
  Sigmund (D:5)
  11 glass eyes
  A fire giant simulacrum (Depths:2)
  A meliai zombie (D:15)
  A dream sheep (shapeshifter) (D:12)
  17 jumping spiders
  A centaur simulacrum (Abyss:3)
  2 ettin skeletons
  30 ynoxinuls
  6 vampires
  A jumping spider (shapeshifter) (Depths:3)
  25 culicivoras
  15 water elementals
  127 slime creatures
  4 air elementals
  An ice dragon skeleton (Tomb:1)
  3 fire bats
  8 wraiths
  13 wyverns
  6 shadows
  58 yaks
  7 fire elementals
  13 basilisks
  9 vampire mosquitoes
  A steam dragon (Lair:5)
  10 golden eyes
  5 wargs
  23 neqoxecs
  A golden eye (shapeshifter) (D:12)
  54 redbacks
  14 spatial vortices
  A harpy simulacrum (Abyss:3)
  19 chaos spawn
  15 swamp worms
  5 nagas (Abyss:3)
  A fire bat zombie (Crypt:2)
  2 acid dragons
  A hydra simulacrum (Lair:3)
  12 water moccasins
  2 glowing shapeshifter zombies (Vaults:2)
  6 hell hounds
  A two-headed ogre skeleton (Abyss:2)
  2 swamp drakes
  38 orc warriors
  A hornet zombie (Crypt:1)
  2 ice beasts
  A sky beast (D:7)
  5 black bears
  2 black mamba simulacra (Lair:3)
  92 laughing skulls
  6 wolves
  12 ogres
  A boggart (Vaults:2)
  21 centaurs
  A centaur (shapeshifter) (Depths:1)
  2 human skeletons (Vaults:3)
  A dream sheep skeleton (Crypt:3)
  A lemure (D:7)
  4 kobold brigands
  A yaktaur zombie (Crypt:3)
  12 brain worms
  3 gnoll sergeants
  9 bullfrogs
  A rime drake skeleton (Crypt:3)
  17 weeping skulls (Abyss:3)
  3 scorpions (Lair:3)
  An earth elemental (Elf:3)
  69 small abominations
  A warg skeleton (Crypt:1)
  26 wights
  A shapeshifter zombie (Crypt:2)
  A swamp dragon simulacrum (Tomb:1)
  12 killer bees
  6 electric eels
  A howler monkey (D:7)
  A torpor snail simulacrum (Lair:3)
  6 lava snakes
  A bombardier beetle (D:5)
  9 crimson imps (Abyss:3)
  3 bullfrog zombies (Ossuary)
  11 quasits
  5 hounds
  9 jellies
  2 gnoll boudas
  14 orc priests
  Crazy Yiuf (D:2)
  6 iron imps
  Jessica (D:3)
  2 sleepcaps
  5 iguanas
  A black bear skeleton (Crypt:1)
  32 orc wizards
  6 hell rats
  3 killer bee zombies (Ossuary)
  2 crocodile zombies
  5 hound zombies (Ossuary)
  A hound skeleton (Crypt:3)
  16 mummies
  Robin (D:3)
  2 howler monkey zombies (Ossuary)
  18 gnolls
  5 adders
  2 river rats (D:11)
  3 shadow imps
  18 white imps
  27 ufetubi
  6 ribbon worms
  2 dart slugs (D:1)
  83 orcs
  5 bat skeletons
  3 bat zombies (D:7)
  4 endoplasms
  7 giant cockroaches
  17 goblins
  10 hobgoblins
  3 quokkas
  9 ball pythons
  A ball python zombie (Ossuary)
  2 bats
  A frilled lizard skeleton (Crypt:3)
  A goblin skeleton (Crypt:3)
  11 kobolds
  An orc zombie (Crypt:2)
  A quokka skeleton (Crypt:1)
  3 rats
  An aspiring flesh (Zot:5)
  A fulminant prism (Gauntlet)
  10 lurking horrors
  17 starspawn tentacles (Abyss:3)
3852 creatures vanquished.

Vanquished Creatures (collateral kills)
  An Orb Guardian (Zot:5)
  A reaper (Depths:1)
2 creatures vanquished.

Vanquished Creatures (others)
  A ghost crab (Swamp:2)
  An orc high priest (Depths:1)
  A spriggan simulacrum (Depths:2)
  A deep elf pyromancer (D:12)
  A harpy zombie (Abyss:3)
  2 small abominations (Abyss:2)
  A chaos spawn (Abyss:3)
  A wight (Abyss:3)
  An orc wizard (D:8)
  6 foxfires
  7 fulminant prisms
  3 lurking horrors (Abyss:3)
  35 starspawn tentacles (Abyss:3)
  4 tentacles (Hell)
65 creatures vanquished.

Grand Total: 3919 creatures vanquished

Notes
Turn   | Place    | Note
-------+----------+-------------------------------------------
     0 | D:1      | Xoff the Gnoll Conjurer began the quest for the Orb.
     0 | D:1      | Reached XP level 1. HP: 13/13 MP: 6/6
   216 | D:1      | Reached XP level 2. HP: 19/19 MP: 4/7
   225 | D:1      | Learned a level 2 spell: Searing Ray
  1027 | D:2      | Reached skill level 5 in Spellcasting
  1027 | D:2      | Reached skill level 1 in Invocations
  1027 | D:2      | Reached XP level 3. HP: 25/25 MP: 0/9
  1110 | D:2      | Reached skill level 1 in Fighting
  1110 | D:2      | Reached skill level 1 in Short Blades
  1110 | D:2      | Reached skill level 1 in Long Blades
  1110 | D:2      | Reached skill level 1 in Axes
  1110 | D:2      | Reached skill level 1 in Maces & Flails
  1110 | D:2      | Reached skill level 1 in Polearms
  1110 | D:2      | Reached skill level 1 in Staves
  1110 | D:2      | Reached skill level 1 in Ranged Weapons
  1110 | D:2      | Reached skill level 1 in Throwing
  1110 | D:2      | Reached skill level 1 in Armour
  1110 | D:2      | Reached skill level 1 in Shields
  1110 | D:2      | Reached skill level 1 in Unarmed Combat
  1110 | D:2      | Reached skill level 1 in Evocations
  1204 | D:2      | Reached skill level 1 in Shapeshifting
  1204 | D:2      | Reached XP level 4. HP: 32/32 MP: 11/11
  1288 | D:2      | Found Ficich's Book Boutique.
  1405 | D:2      | Found Ytsigaid's Assorted Antiques.
  1684 | D:2      | Found a runed translucent door.
  1685 | D:2      | Noticed Crazy Yiuf
  1720 | D:2      | Found Setiw's Book Shoppe.
  1790 | D:2      | Found Iqassema's Distillery.
  1795 | D:2      | Bought a potion of degeneration for 12 gold pieces
  1991 | D:2      | Found an ancient bone altar of Kikubaaqudgha.
  2171 | D:2      | Killed Crazy Yiuf
  2172 | D:2      | Reached skill level 1 in Hexes
  2172 | D:2      | Reached skill level 1 in Summonings
  2172 | D:2      | Reached skill level 1 in Necromancy
  2172 | D:2      | Reached skill level 1 in Translocations
  2172 | D:2      | Reached skill level 1 in Fire Magic
  2172 | D:2      | Reached skill level 1 in Ice Magic
  2172 | D:2      | Reached skill level 1 in Air Magic
  2172 | D:2      | Reached skill level 1 in Earth Magic
  2172 | D:2      | Reached skill level 1 in Alchemy
  2313 | D:3      | Reached XP level 5. HP: 37/37 MP: 12/12
  2421 | D:3      | Noticed Robin
  2430 | D:3      | Killed Robin
  2611 | D:3      | Found a basalt altar of Yredelemnul.
  2611 | D:3      | Found a glowing silver altar of Zin.
  2611 | D:3      | Found a glowing golden altar of the Shining One.
  2926 | D:3      | Learned a level 4 spell: Iskenderun's Mystic Blast
  3087 | D:3      | Noticed Jessica
  3090 | D:3      | Killed Jessica
  3252 | D:4      | Identified a scroll of acquirement
  3252 | D:4      | Acquired a +2 pair of boots of flying
  3342 | D:4      | Reached XP level 6. HP: 44/44 MP: 13/13
  3352 | D:4      | Found an iron altar of Okawaru.
  3378 | D:4      | Noticed a water moccasin
  3400 | D:4      | Found a sand-covered staircase.
  3405 | Ossuary  | Entered an ossuary
  3432 | Ossuary  | Reached skill level 5 in Dodging
  3665 | Ossuary  | Reached XP level 7. HP: 48/50 MP: 14/15
  4001 | Ossuary  | Reached skill level 5 in Stealth
  4122 | D:4      | Found a stormy altar of Qazlal.
  4187 | D:4      | You are sucked into a shaft and drop 1 floor!
  4187 | D:5      | Entered Level 5 of the Dungeon
  4265 | D:5      | Reached XP level 8. HP: 52/58 MP: 16/16
  4460 | D:5      | Noticed Sigmund
  4466 | D:5      | Killed Sigmund
  4632 | D:5      | Found Wutoohis's Magic Scroll Emporium.
  4632 | D:5      | Noticed a shadow
  6066 | D:5      | Reached XP level 9. HP: 65/65 MP: 18/18
  6405 | D:5      | Found a shimmering blue altar of Sif Muna.
  6795 | D:6      | Learned a level 3 spell: Frozen Ramparts
  6980 | D:6      | Identified the amulet "Cown" {Reflect Will+ Str+4 SH+5}
  7151 | D:6      | Found a blossoming altar of Fedhas.
  7232 | D:6      | Reached skill level 5 in Invocations
  7726 | D:6      | Found an ornate altar of the Wu Jian Council.
  8005 | D:7      | Noticed Pikel
  8015 | D:7      | Killed Pikel
  8100 | D:7      | Reached skill level 5 in Fighting
  8100 | D:7      | Reached skill level 5 in Short Blades
  8100 | D:7      | Reached skill level 5 in Long Blades
  8100 | D:7      | Reached skill level 5 in Axes
  8100 | D:7      | Reached skill level 5 in Maces & Flails
  8100 | D:7      | Reached skill level 5 in Polearms
  8100 | D:7      | Reached skill level 5 in Staves
  8100 | D:7      | Reached skill level 5 in Ranged Weapons
  8100 | D:7      | Reached skill level 5 in Throwing
  8100 | D:7      | Reached skill level 5 in Armour
  8100 | D:7      | Reached skill level 5 in Shields
  8100 | D:7      | Reached skill level 5 in Unarmed Combat
  8100 | D:7      | Reached skill level 5 in Evocations
  8100 | D:7      | Reached XP level 10. HP: 72/74 MP: 20/20
  8455 | D:7      | Found a white marble altar of Elyvilon.
  8577 | D:7      | Found a staircase to the Ecumenical Temple.
  8644 | Temple   | Entered the Ecumenical Temple
  8650 | Temple   | Became a worshipper of Vehumet
  8957 | D:7      | Found an ancient bone altar of Kikubaaqudgha.
  9019 | D:7      | Learned a level 2 spell: Blink
  9024 | D:7      | Learned a level 4 spell: Olgreb's Toxic Radiance
  9536 | D:8      | Found Utiahycs's Antique Weapon Shoppe.
  9612 | D:8      | Found a hazy altar of Hepliaklqana.
  9972 | D:8      | Found a shimmering altar of Xom.
 10953 | D:9      | Reached skill level 5 in Shapeshifting
 10959 | D:9      | Noticed a two-headed ogre
 11473 | D:9      | Reached * piety under Vehumet
 11473 | D:9      | Offered knowledge of Foxfire by Vehumet.
 11510 | D:9      | Killed a two-headed ogre
 11578 | D:9      | Noticed a vault sentinel
 11644 | D:9      | Noticed a vault sentinel
 11656 | D:8      | Killed a vault sentinel
 11657 | D:8      | Reached skill level 5 in Hexes
 11657 | D:8      | Reached skill level 5 in Summonings
 11657 | D:8      | Reached skill level 5 in Necromancy
 11657 | D:8      | Reached skill level 5 in Translocations
 11657 | D:8      | Reached skill level 5 in Fire Magic
 11657 | D:8      | Reached skill level 5 in Ice Magic
 11657 | D:8      | Reached skill level 5 in Air Magic
 11657 | D:8      | Reached skill level 5 in Earth Magic
 11657 | D:8      | Reached skill level 5 in Alchemy
 11657 | D:8      | Reached XP level 11. HP: 80/81 MP: 15/22
 11822 | D:9      | Found a runed translucent door.
 11824 | D:9      | Noticed MoonlitKnight's ghost (journeyman CoHu)
 11930 | D:9      | Found a burning altar of Makhleb.
 12707 | D:9      | Found the +18 shield of the Gong {Loud rN+ Will+ rCorr
                  | EV-5}
 12745 | D:9      | Found a sacrificial altar of Ru.
 12939 | D:10     | Entered Level 10 of the Dungeon
 13275 | D:10     | Found Wisyr's Antique Armour Shoppe.
 13370 | D:10     | Learned a level 4 spell: Dispel Undead
 13471 | D:10     | Noticed a two-headed ogre
 13481 | D:10     | Killed a two-headed ogre
 13753 | D:10     | Offered knowledge of Static Discharge by Vehumet.
 13822 | D:10     | Reached ** piety under Vehumet
 13879 | D:10     | Found a staircase to the Orcish Mines.
 14241 | D:10     | Found an opulent altar of Gozag.
 14507 | D:11     | Noticed a manticore
 14508 | D:11     | Found Kunit's Tremendous Tomes.
 14521 | D:11     | Killed a manticore
 14539 | D:11     | Found a gate leading to a gauntlet.
 14547 | Gauntlet | Entered a Gauntlet
 14547 | Gauntlet | Noticed a ghost crab
 14547 | Gauntlet | Found a transporter.
 14547 | Gauntlet | Found a transporter.
 14547 | Gauntlet | Found a transporter.
 14551 | Gauntlet | Noticed a large abomination
 14709 | Gauntlet | Found a transporter.
 14718 | Gauntlet | Noticed an obsidian statue
 14721 | Gauntlet | Found a transporter.
 14744 | Gauntlet | Found a transporter.
 14753 | Gauntlet | Found a transporter.
 14760 | Gauntlet | Found a transporter.
 14770 | Gauntlet | Noticed a sixfirhy
 14791 | Gauntlet | Identified the ring of the Priest {rElec MP+9 Int+6 Dex-2
                  | Stlth+}
 14791 | Gauntlet | Noticed a minotaur
 14802 | Gauntlet | Found a transporter.
 14821 | Gauntlet | Found a transporter.
 14832 | Gauntlet | Found a transporter.
 14846 | Gauntlet | Found a transporter.
 14871 | Gauntlet | Killed a large abomination
 15089 | Gauntlet | Offered knowledge of Inner Flame by Vehumet.
 15129 | Gauntlet | Killed a sixfirhy
 15129 | Gauntlet | Reached *** piety under Vehumet
 15169 | Gauntlet | Identified the ring of Byddoohy {rC+ Int+4}
 15189 | Gauntlet | Reached XP level 12. HP: 78/91 MP: 24/24
 15243 | Gauntlet | Learned a level 4 spell: Fulminant Prism
 15355 | Gauntlet | Killed a minotaur
 15496 | Gauntlet | Identified the serpent talisman of Hedghavis {Str+4 Int+2
                  | Slay-2}
 15540 | D:11     | Noticed a centaur warrior
 15554 | D:11     | Killed a centaur warrior
 15722 | D:11     | Found a staircase to the Lair.
 15917 | D:11     | Offered knowledge of Mephitic Cloud by Vehumet.
 15922 | D:11     | Learned a level 3 spell: Mephitic Cloud
 16122 | D:11     | Noticed a two-headed ogre
 16133 | D:11     | Killed a two-headed ogre
 16789 | D:9      | Killed MoonlitKnight's ghost
 16930 | Lair:1   | Entered Level 1 of the Lair of Beasts
 17408 | Lair:1   | Noticed a catoblepas
 17477 | Lair:1   | Reached **** piety under Vehumet
 17621 | Lair:1   | Reached XP level 13. HP: 98/98 MP: 23/26
 17789 | Lair:1   | Reached skill level 10 in Conjurations
 17793 | Lair:1   | Upgraded the game from 0.32-a0-834-geaf45d8e21 to
                  | 0.32-a0-841-g4648e6c457
 18048 | Lair:1   | Offered knowledge of Freezing Cloud by Vehumet.
 18485 | Lair:1   | Reached skill level 10 in Spellcasting
 18992 | Lair:2   | Reached ***** piety under Vehumet
 19000 | Lair:2   | Offered knowledge of Starburst by Vehumet.
 19512 | D:2      | Bought a manual of Spellcasting for 800 gold pieces
 20241 | Lair:3   | Reached skill level 10 in Dodging
 20536 | Lair:3   | Found a runed translucent gate.
 20536 | Lair:3   | Found a runed translucent gate.
 20536 | Lair:3   | Found a runed translucent gate.
 20539 | Lair:3   | Noticed Mafeotwy's ghost (journeyman GrEE)
 20614 | Lair:3   | Found a staircase to the Swamp.
 20689 | Lair:3   | Reached skill level 10 in Stealth
 20857 | Lair:3   | Found a hole to the Spider Nest.
 21480 | Lair:3   | Killed Mafeotwy's ghost
 21481 | Lair:3   | Reached skill level 10 in Invocations
 21481 | Lair:3   | Reached XP level 14. HP: 68/108 MP: 9/28
 22619 | Lair:4   | Offered knowledge of Spellforged Servitor by Vehumet.
 23067 | Lair:5   | Entered Level 5 of the Lair of Beasts
 23784 | Lair:5   | Found a viscous altar of Jiyva.
 23784 | Lair:5   | Found a staircase to the Slime Pits.
 23928 | Lair:5   | Reached skill level 10 in Fighting
 23928 | Lair:5   | Reached skill level 10 in Short Blades
 23928 | Lair:5   | Reached skill level 10 in Long Blades
 23928 | Lair:5   | Reached skill level 10 in Axes
 23928 | Lair:5   | Reached skill level 10 in Maces & Flails
 23928 | Lair:5   | Reached skill level 10 in Polearms
 23928 | Lair:5   | Reached skill level 10 in Staves
 23928 | Lair:5   | Reached skill level 10 in Ranged Weapons
 23928 | Lair:5   | Reached skill level 10 in Throwing
 23928 | Lair:5   | Reached skill level 10 in Armour
 23928 | Lair:5   | Reached skill level 10 in Shields
 23928 | Lair:5   | Reached skill level 10 in Unarmed Combat
 23928 | Lair:5   | Reached skill level 10 in Evocations
 24325 | Lair:5   | Offered knowledge of Plasma Beam by Vehumet.
 24333 | Lair:5   | Learned a level 6 spell: Plasma Beam
 24348 | Lair:5   | Reached XP level 15. HP: 115/115 MP: 18/31
 24505 | Lair:5   | Found a large runed translucent door.
 24505 | Lair:5   | Found a large runed translucent door.
 25357 | Lair:5   | Identified the +4 war axe of the Blind Eye {venom, rC+
                  | Int-3 Dex+3 SInv}
 26798 | D:12     | Found a runed translucent gate.
 26800 | D:12     | Found a runed translucent gate.
 26801 | D:12     | Found a runed translucent gate.
 27423 | D:12     | Found a runed translucent gate.
 27423 | D:12     | Found a runed translucent gate.
 27426 | D:12     | Found a runed translucent gate.
 27429 | D:12     | Noticed sagrath's ghost (journeyman DsWn)
 27451 | D:12     | Killed sagrath's ghost
 27589 | D:12     | Gained mutation: Armour fits poorly on your strangely
                  | shaped body. [mutagenic glow]
 27658 | D:12     | Lost mutation: Armour fits poorly on your strangely shaped
                  | body. [potion of mutation]
 27658 | D:12     | Gained mutation: Your magical capacity is low. (-10% MP)
                  | [potion of mutation]
 27658 | D:12     | Gained mutation: You are strong-willed. (Will+) [potion of
                  | mutation]
 27658 | D:12     | Lost mutation: Your magical capacity is low. (-10% MP)
                  | [potion of mutation]
 28514 | D:13     | Found a gate to the Vaults.
 28767 | D:13     | Acquired 484 gold pieces
 29016 | D:2      | Bought a manual of Maces & Flails for 1040 gold pieces
 29676 | D:14     | Offered knowledge of Eringya's Noxious Bog by Vehumet.
 29842 | D:14     | Noticed Azrael
 29852 | D:14     | Killed Azrael
 30209 | D:15     | Entered Level 15 of the Dungeon
 31426 | D:15     | Reached skill level 10 in Shapeshifting
 31494 | D:15     | Reached XP level 16. HP: 49/114 MP: 19/33
 31853 | D:15     | Found a staircase to the Depths.
 32006 | Orc:1    | Entered Level 1 of the Orcish Mines
 32006 | Orc:1    | Noticed Fannar
 32013 | Orc:1    | Killed Fannar
 32169 | Orc:2    | Entered Level 2 of the Orcish Mines
 32426 | Orc:2    | Offered knowledge of Permafrost Eruption by Vehumet.
 32587 | Orc:2    | Found a staircase to the Elven Halls.
 32741 | Orc:2    | Found Isholeb's Antique Weapon Shop.
 32741 | Orc:2    | Found Bovu's Assorted Antiques.
 32741 | Orc:2    | Found Ucseynuezo's Distillery.
 32744 | Orc:2    | Found Fufeheel's Book Boutique.
 33455 | Swamp:1  | Entered Level 1 of the Swamp
 35014 | Swamp:2  | Noticed Nikola
 35020 | Swamp:2  | Killed Nikola
 35090 | Swamp:2  | Identified the +6 broad axe of Benevolence {drain, Fly
                  | Str+3}
 35512 | Swamp:3  | Noticed a fenstrider witch
 35655 | Swamp:3  | Killed a fenstrider witch
 35996 | Swamp:3  | Identified the +1 helmet "Ceton" {rC+}
 36289 | Swamp:3  | Learned a level 6 spell: Permafrost Eruption
 36404 | Swamp:4  | Entered Level 4 of the Swamp
 36406 | Swamp:4  | Reached XP level 17. HP: 133/133 MP: 35/35
 36467 | Swamp:4  | Reached skill level 10 in Hexes
 36467 | Swamp:4  | Reached skill level 10 in Summonings
 36467 | Swamp:4  | Reached skill level 10 in Necromancy
 36467 | Swamp:4  | Reached skill level 10 in Translocations
 36467 | Swamp:4  | Reached skill level 10 in Fire Magic
 36467 | Swamp:4  | Reached skill level 10 in Ice Magic
 36467 | Swamp:4  | Reached skill level 10 in Air Magic
 36467 | Swamp:4  | Reached skill level 10 in Earth Magic
 36467 | Swamp:4  | Reached skill level 10 in Alchemy
 36668 | Swamp:4  | Reached ****** piety under Vehumet
 36713 | Swamp:4  | Reached skill level 15 in Spellcasting
 37253 | Swamp:4  | Offered knowledge of Fireball by Vehumet.
 37348 | Swamp:4  | Noticed a tentacled monstrosity
 37353 | Swamp:4  | Killed a tentacled monstrosity
 37621 | Swamp:4  | Got a decaying rune of Zot
 38463 | Spider:1 | Entered Level 1 of the Spider Nest
 39347 | Spider:2 | Noticed Arachne
 39364 | Spider:2 | Noticed Roxanne
 39827 | Spider:1 | Killed Arachne
 40375 | Spider:1 | Reached XP level 18. HP: 130/141 MP: 27/37
 41013 | Spider:2 | Killed Roxanne
 41434 | Spider:2 | Identified the ring of Xom's Ringing Laughter {Wiz Int+2
                  | Dex+2}
 41493 | Spider:2 | Offered knowledge of Bombard by Vehumet.
 43118 | Spider:4 | Entered Level 4 of the Spider Nest
 44289 | Spider:4 | Reached skill level 15 in Maces & Flails
 45007 | Spider:4 | Offered knowledge of Shatter by Vehumet.
 45007 | Spider:4 | Offered knowledge of Ignition by Vehumet.
 45007 | Spider:4 | Offered knowledge of Maxwell's Capacitive Coupling by
                  | Vehumet.
 45465 | Spider:4 | Got a gossamer rune of Zot
 45762 | Elf:1    | Entered Level 1 of the Elven Halls
 45787 | Elf:1    | Reached XP level 19. HP: 131/149 MP: 39/40
 46098 | Elf:1    | Noticed Frances
 46105 | Elf:1    | Killed Frances
 46605 | Elf:1    | Got Reluguxt's Precepts of Concussion
 47203 | Orc:2    | Bought a manual of Translocations for 1200 gold pieces
 47684 | Elf:2    | Found Hiyhodghe's Magic Scroll Emporium.
 47709 | Elf:2    | Found a runed translucent gate.
 47709 | Elf:2    | Found a runed translucent gate.
 47709 | Elf:2    | Found a runed translucent gate.
 47710 | Elf:2    | Noticed ViolentViolet's ghost (veteran CoFi)
 48083 | Elf:2    | Found a runed translucent gate.
 48089 | Elf:2    | Found a runed translucent gate.
 48093 | Elf:2    | Found a runed translucent gate.
 48242 | Elf:2    | Killed ViolentViolet's ghost
 49458 | Elf:3    | Entered Level 3 of the Elven Halls
 49458 | Elf:3    | Found Dogooh's Armour Shop.
 49596 | Elf:3    | Reached skill level 15 in Invocations
 49608 | Elf:3    | Reached XP level 20. HP: 108/158 MP: 27/42
 49923 | Elf:3    | Identified the +3 plate armour "Ethrokot" {rCorr}
 49956 | Elf:3    | Identified the +6 quarterstaff "Upsus" {freeze, rPois rC+}
 50062 | Elf:3    | Found the ring of the Tortoise {AC+8}
 50071 | Elf:3    | Identified the +0 robe of Courage {rElec Str-5 Int+3
                  | Slay+6}
 50155 | Elf:3    | Identified the +6 arbalest of the Wheel {flame, Dex+5}
 50194 | Elf:3    | Noticed Louise
 50203 | Elf:3    | Killed Louise
 50383 | Elf:3    | Found the amulet of Vitality {Regen++ RegenMP++}
 51288 | Vaults:1 | Entered Level 1 of the Vaults
 51482 | Vaults:1 | Reached skill level 15 in Dodging
 51653 | Vaults:1 | Reached skill level 15 in Stealth
 51836 | Vaults:1 | You are sucked into a shaft and drop 1 floor!
 51918 | Vaults:1 | Reached XP level 21. HP: 166/166 MP: 44/44
 52516 | Vaults:2 | Found Bilev's Assorted Antiques.
 52700 | Vaults:2 | Identified the serpent talisman "Ikhlurul" {*Corrode Str+5}
 52700 | Vaults:2 | Noticed Aizul
 52703 | Vaults:2 | Killed Aizul
 52739 | Vaults:2 | Noticed Xtahua
 52743 | Vaults:2 | Killed Xtahua
 53160 | Vaults:2 | Found a transporter.
 53820 | Vaults:3 | Noticed Asterion
 53894 | Vaults:3 | Reached skill level 15 in Fighting
 53894 | Vaults:3 | Reached skill level 15 in Short Blades
 53894 | Vaults:3 | Reached skill level 15 in Long Blades
 53894 | Vaults:3 | Reached skill level 15 in Axes
 53894 | Vaults:3 | Reached skill level 15 in Polearms
 53894 | Vaults:3 | Reached skill level 15 in Staves
 53894 | Vaults:3 | Reached skill level 15 in Ranged Weapons
 53894 | Vaults:3 | Reached skill level 15 in Throwing
 53894 | Vaults:3 | Reached skill level 15 in Armour
 53894 | Vaults:3 | Reached skill level 15 in Shields
 53894 | Vaults:3 | Reached skill level 15 in Unarmed Combat
 53894 | Vaults:3 | Reached skill level 15 in Evocations
 53958 | Vaults:3 | Found a magical portal.
 53979 | WizLab   | Entered Tukima's Studio
 54134 | WizLab   | Got Musmocw's Octavo of the Evil Eye
 54415 | WizLab   | Got the Monograph on the Fair Folk
 54714 | Vaults:3 | Killed Asterion
 54766 | Vaults:3 | Identified the +7 chain mail "Wasodd" {Rampage rC- Dex+4}
 54950 | Vaults:3 | Identified the +9 scimitar of Ebyuk {vamp, rElec rC+++
                  | Will- rCorr}
 54966 | Vaults:3 | Reached XP level 22. HP: 157/175 MP: 45/45
 55028 | Vaults:3 | Found Fopluask's Weapon Emporium.
 55227 | Vaults:3 | Found a staircase to the Crypt.
 56543 | Vaults:4 | Identified the +1 plate armour of Duck's Teeth {rElec
                  | Int+2}
 57130 | Depths:1 | Entered Level 1 of the Depths
 57136 | Depths:1 | Reached skill level 15 in Translocations
 57179 | Depths:1 | Found a one-way gateway to a ziggurat.
 57267 | Depths:1 | Reached skill level 15 in Conjurations
 57492 | Depths:1 | Noticed a caustic shrike
 57496 | Depths:1 | Killed a caustic shrike
 57575 | Depths:1 | Noticed a caustic shrike
 57580 | Depths:1 | Killed a caustic shrike
 57636 | Depths:1 | Noticed a caustic shrike
 57639 | Depths:1 | Killed a caustic shrike
 57695 | Depths:1 | Found a gateway to Hell.
 57901 | Depths:1 | Reached XP level 23. HP: 183/183 MP: 19/47
 58027 | Depths:1 | Identified the +2 robe of Absolutism {Str+3 Int+6}
 58027 | Depths:1 | Noticed Boris
 58028 | Depths:1 | Noticed Saint Roka
 58035 | Depths:1 | Killed Saint Roka
 58039 | Depths:1 | Killed Boris
 58426 | Depths:2 | Noticed the Enchantress
 58434 | Depths:2 | Killed the Enchantress
 58541 | Depths:2 | Noticed a juggernaut
 58544 | Depths:2 | Killed a juggernaut
 58611 | Depths:2 | Noticed a golden dragon
 58629 | Depths:2 | Killed a golden dragon
 58635 | Depths:2 | Noticed a golden dragon
 58643 | Depths:2 | Killed a golden dragon
 58707 | Depths:2 | Identified the +1 robe of Roerhaqe {rN+ Str+4 Dex+3}
 58715 | Depths:2 | Identified the +8 shortbow "Ox" {flame, Str+6}
 58837 | Depths:2 | Noticed Norris
 58840 | Depths:2 | Killed Norris
 58841 | Depths:2 | Reached skill level 15 in Shapeshifting
 58956 | Depths:2 | Identified the ring of Gihassol {Ice Str+4 Int+3}
 58956 | Depths:2 | Noticed Josephina
 58974 | Depths:2 | Killed Josephina
 59055 | Depths:2 | Found a one-way gate leading to the halls of Pandemonium.
 59909 | Depths:3 | Found a hide-covered altar of Uskayaw.
 60067 | Depths:3 | Noticed a golden dragon
 60069 | Depths:3 | Killed a golden dragon
 60303 | Depths:3 | Found a one-way gate to the infinite horrors of the Abyss.
 60728 | Depths:4 | Entered Level 4 of the Depths
 60767 | Depths:4 | Reached XP level 24. HP: 181/193 MP: 40/48
 60861 | Depths:4 | Noticed a caustic shrike
 60863 | Depths:4 | Noticed a caustic shrike
 60863 | Depths:4 | Noticed a caustic shrike
 60864 | Depths:4 | Noticed a caustic shrike
 60866 | Depths:4 | Killed a caustic shrike
 60867 | Depths:4 | Killed a caustic shrike
 60871 | Depths:4 | Killed a caustic shrike
 60900 | Depths:3 | Killed a caustic shrike
 61125 | Depths:4 | Found a broken altar of Ashenzari.
 61303 | Depths:4 | Found a gate to the Realm of Zot.
 61865 | Depths:3 | Identified the +8 flail "Death Rattle" {freeze, rF+ Int+4
                  | Stlth-}
 61865 | Depths:3 | Identified the ring "Ipelu" {AC+4 Str+2 Dex+4 Stlth+}
 61950 | Depths:3 | Identified the amulet "Baocrel" {rF+ Regen+ Dex+3}
 61985 | Depths:3 | Learned a level 8 spell: Ignition
 61986 | Depths:3 | Upgraded the game from 0.32-a0-841-g4648e6c457 to
                  | 0.32-a0-859-gb0a091d592
 62372 | Slime:1  | Entered Level 1 of the Pits of Slime
 64363 | Slime:3  | Gained mutation: You sometimes lose your temper in combat.
                  | [a shining eye]
 64893 | Slime:4  | Reached XP level 25. HP: 192/201 MP: 49/49
 65844 | Slime:5  | Entered Level 5 of the Pits of Slime
 66186 | Slime:5  | Noticed the Royal Jelly
 66201 | Slime:5  | Killed the Royal Jelly
 66319 | Slime:5  | Got the Omnibus of Direction
 66333 | Slime:5  | Got the Tome of the Tempest
 66339 | Slime:5  | Got a slimy rune of Zot
 66342 | Slime:5  | Identified the +3 demon whip of the Exiled Friends {pain,
                  | rPois rF+ rCorr SInv}
 66702 | Slime:5  | Identified the +3 spear of Armageddon {flame, Str-5 Dex+3
                  | SInv}
 67834 | Vaults:4 | Learned a level 4 spell: Ignite Poison
 67840 | Vaults:5 | Entered Level 5 of the Vaults
 67844 | Vaults:5 | Reached skill level 15 in Hexes
 67844 | Vaults:5 | Reached skill level 15 in Summonings
 67844 | Vaults:5 | Reached skill level 15 in Necromancy
 67844 | Vaults:5 | Reached skill level 15 in Fire Magic
 67844 | Vaults:5 | Reached skill level 15 in Ice Magic
 67844 | Vaults:5 | Reached skill level 15 in Air Magic
 67844 | Vaults:5 | Reached skill level 15 in Earth Magic
 67844 | Vaults:5 | Reached skill level 15 in Alchemy
 68565 | Crypt:1  | Entered Level 1 of the Crypt
 68828 | Crypt:1  | Reached XP level 26. HP: 211/211 MP: 50/50
 68965 | Crypt:1  | Found a runed translucent door.
 68985 | Crypt:1  | Noticed Titucsi's ghost (adept GrFi)
 69537 | Crypt:1  | Killed Titucsi's ghost
 70037 | Vaults:5 | Got the Textbook on United Thunder
 70054 | Vaults:5 | Got a silver rune of Zot
 70590 | Vaults:5 | Identified the staff of War {rPois rF+ rCorr Alchemy}
 70648 | Vaults:5 | Identified the +4 morningstar of Discretion {flame, rC+}
 70805 | Vaults:5 | Found the +9 sword of Power {lifebolt}
 71251 | Crypt:2  | Noticed Zenata
 71254 | Crypt:2  | Killed Zenata
 71511 | Crypt:2  | Identified the +4 robe of the Lumpy Wishes {Int+3}
 71511 | Crypt:2  | Noticed Boris
 71551 | Crypt:2  | Killed Boris
 71952 | Crypt:3  | Entered Level 3 of the Crypt
 72699 | Crypt:3  | Found a staircase to the Tomb.
 72749 | Crypt:3  | Noticed a dread lich
 72851 | Crypt:3  | Noticed a dread lich
 72861 | Crypt:3  | Killed a dread lich
 72897 | Crypt:3  | Killed a dread lich
 72926 | Crypt:3  | Got Kikubaaqudgha's Directory of the Sarcophagus
 72927 | Crypt:3  | Identified the ring of Punkorgh {rF+ rN++ MP+9 Str+2 Dex+6
                  | Slay+3}
 72927 | Crypt:3  | Identified the ring "Pyuzerpho" {Fly rN++ rCorr Int+4}
 72927 | Crypt:3  | Identified the ring "Aleb" {+Blink rPois rN++ MP+9 Str-4
                  | Int+6}
 72932 | Crypt:3  | Got the Reference Book on the Discharge
 72934 | Crypt:3  | Got the Atlas of Unholy Concussion
 72935 | Crypt:3  | Identified the +8 dire flail of Nightmares {holy, rF+ Will+
                  | Stlth+}
 72942 | Crypt:3  | Identified the +8 chain mail of Xucsic {rN+ Str+2 Dex+2}
 72964 | Crypt:3  | Acquired a manual of Summonings
 73329 | Zot:1    | Entered Level 1 of the Realm of Zot
 73335 | Zot:1    | Found the +4 dragonskin cloak {Aegis}
 73335 | Zot:1    | Noticed Tiamat
 73341 | Depths:4 | Reached XP level 27. HP: 98/219 MP: 30/51
 73451 | Depths:3 | Voluntarily entered the Abyss.
 73686 | Abyss:2  | Found a corrupted altar of Lugonu.
 73725 | Abyss:2  | Found a corrupted altar of Lugonu.
 73817 | Abyss:2  | Found a corrupted altar of Lugonu.
 73869 | Abyss:2  | Noticed an ancient lich
 73872 | Abyss:2  | Found a corrupted altar of Lugonu.
 73875 | Abyss:2  | Killed an ancient lich
 73878 | Depths:3 | Escaped the Abyss
 73898 | Depths:3 | Learned a level 5 spell: Lee's Rapid Deconstruction
 73899 | Depths:3 | Voluntarily entered the Abyss.
 73904 | Abyss:2  | Found a corrupted altar of Lugonu.
 74136 | Depths:3 | Escaped the Abyss
 74175 | Depths:3 | Voluntarily entered the Abyss.
 74223 | Abyss:2  | Found a corrupted altar of Lugonu.
 74531 | Abyss:2  | Found a corrupted altar of Lugonu.
 74576 | Depths:3 | Escaped the Abyss
 74578 | Depths:3 | Voluntarily entered the Abyss.
 74582 | Abyss:2  | Found a corrupted altar of Lugonu.
 74642 | Abyss:2  | Found an ornate altar of the Wu Jian Council.
 74986 | Depths:3 | Escaped the Abyss
 74988 | Depths:3 | Voluntarily entered the Abyss.
 74994 | Abyss:2  | Found a corrupted altar of Lugonu.
 75327 | Depths:3 | Escaped the Abyss
 75329 | Depths:3 | Voluntarily entered the Abyss.
 75653 | Abyss:3  | Found a corrupted altar of Lugonu.
 75694 | Depths:3 | Escaped the Abyss
 75696 | Depths:3 | Voluntarily entered the Abyss.
 76002 | Depths:3 | Escaped the Abyss
 76024 | Depths:3 | Voluntarily entered the Abyss.
 76057 | Abyss:3  | Found a corrupted altar of Lugonu.
 76354 | Depths:3 | Escaped the Abyss
 76384 | Depths:3 | Voluntarily entered the Abyss.
 76395 | Abyss:3  | Found a corrupted altar of Lugonu.
 76441 | Abyss:3  | Found a corrupted altar of Lugonu.
 76829 | Abyss:3  | Got an abyssal rune of Zot
 76895 | Depths:3 | Escaped the Abyss
 76917 | Depths:3 | Voluntarily entered the Abyss.
 76940 | Abyss:3  | Found a corrupted altar of Lugonu.
 77257 | Depths:3 | Escaped the Abyss
 77546 | Lair:1   | Learned a level 8 spell: Maxwell's Capacitive Coupling
 77555 | Lair:1   | Learned a level 8 spell: Disjunction
 77801 | Tomb:1   | Entered Level 1 of the Tomb of the Ancients
 78482 | Tomb:1   | Noticed a royal mummy
 78492 | Tomb:1   | Killed a royal mummy
 78697 | Tomb:1   | Noticed a royal mummy
 78703 | Tomb:1   | Killed a royal mummy
 79319 | Vaults:2 | Found a transporter.
 79319 | Vaults:2 | Found a runed translucent door.
 79319 | Vaults:2 | Found a bloodstained altar of Trog.
 79319 | Vaults:2 | Found the necklace of Bloodlust {Fury *Rage Will++ Int-3
                  | Slay+6}
 79457 | Vaults:2 | Identified the +0 plate armour of the Curious Quests
                  | {rPois}
 79821 | D:5      | Bought a scroll of enchant armour for 90 gold pieces
 80211 | Depths:3 | Voluntarily entered the Abyss.
 80242 | Depths:3 | Escaped the Abyss
 80252 | Depths:3 | Voluntarily entered the Abyss.
 80293 | Abyss:3  | Found a corrupted altar of Lugonu.
 80299 | Abyss:3  | Found a corrupted altar of Lugonu.
 80324 | Depths:3 | Escaped the Abyss
 80344 | Depths:3 | Voluntarily entered the Abyss.
 80503 | Depths:3 | Escaped the Abyss
 80505 | Depths:3 | Voluntarily entered the Abyss.
 80505 | Abyss:3  | Found a corrupted altar of Lugonu.
 80544 | Depths:3 | Escaped the Abyss
 80546 | Depths:3 | Voluntarily entered the Abyss.
 80908 | Depths:3 | Escaped the Abyss
 80910 | Depths:3 | Voluntarily entered the Abyss.
 80920 | Abyss:3  | Found the +5 scythe "Finisher" {speed, execute}
 81356 | Depths:3 | Escaped the Abyss
 81403 | Depths:3 | Voluntarily entered the Abyss.
 81459 | Depths:3 | Escaped the Abyss
 81461 | Depths:3 | Voluntarily entered the Abyss.
 81771 | Depths:3 | Escaped the Abyss
 81773 | Depths:3 | Voluntarily entered the Abyss.
 81806 | Abyss:3  | Found a corrupted altar of Lugonu.
 81873 | Depths:3 | Escaped the Abyss
 81875 | Depths:3 | Voluntarily entered the Abyss.
 82022 | Depths:3 | Escaped the Abyss
 82024 | Depths:3 | Voluntarily entered the Abyss.
 82027 | Abyss:3  | Found a corrupted altar of Lugonu.
 82420 | Depths:3 | Escaped the Abyss
 82466 | Depths:3 | Voluntarily entered the Abyss.
 82466 | Abyss:3  | Found a corrupted altar of Lugonu.
 82720 | Abyss:3  | Noticed a dread lich
 82724 | Abyss:3  | Killed a dread lich
 82731 | Depths:3 | Escaped the Abyss
 82749 | Depths:3 | Voluntarily entered the Abyss.
 82822 | Depths:3 | Escaped the Abyss
 82874 | Depths:3 | Voluntarily entered the Abyss.
 82958 | Depths:3 | Escaped the Abyss
 82969 | Depths:3 | Voluntarily entered the Abyss.
 83002 | Abyss:3  | Found a corrupted altar of Lugonu.
 83074 | Abyss:3  | Noticed a dread lich
 83079 | Abyss:3  | Killed a dread lich
 83089 | Depths:3 | Escaped the Abyss
 83095 | Depths:3 | Voluntarily entered the Abyss.
 83130 | Abyss:3  | Found a corrupted altar of Lugonu.
 83146 | Depths:3 | Escaped the Abyss
 83148 | Depths:3 | Voluntarily entered the Abyss.
 83268 | Abyss:3  | Found a corrupted altar of Lugonu.
 83311 | Depths:3 | Escaped the Abyss
 83313 | Depths:3 | Voluntarily entered the Abyss.
 83317 | Abyss:3  | Found a corrupted altar of Lugonu.
 83346 | Depths:3 | Escaped the Abyss
 83390 | Depths:3 | Voluntarily entered the Abyss.
 83467 | Depths:3 | Escaped the Abyss
 83475 | Depths:3 | Voluntarily entered the Abyss.
 83475 | Abyss:3  | Found a corrupted altar of Lugonu.
 83604 | Depths:3 | Escaped the Abyss
 83606 | Depths:3 | Voluntarily entered the Abyss.
 83634 | Abyss:3  | Reached skill level 27 in Spellcasting
 83753 | Abyss:3  | Found a corrupted altar of Lugonu.
 83796 | Depths:3 | Escaped the Abyss
 83798 | Depths:3 | Voluntarily entered the Abyss.
 84001 | Depths:3 | Escaped the Abyss
 84012 | Depths:3 | Voluntarily entered the Abyss.
 84091 | Depths:3 | Escaped the Abyss
 84127 | Depths:3 | Voluntarily entered the Abyss.
 84141 | Abyss:3  | Found a corrupted altar of Lugonu.
 84267 | Depths:3 | Escaped the Abyss
 84269 | Depths:3 | Voluntarily entered the Abyss.
 84918 | Depths:3 | Escaped the Abyss
 84946 | Depths:3 | Voluntarily entered the Abyss.
 85189 | Depths:3 | Escaped the Abyss
 85216 | Depths:3 | Voluntarily entered the Abyss.
 85432 | Abyss:3  | Reached skill level 27 in Maces & Flails
 85546 | Depths:3 | Escaped the Abyss
 85576 | Depths:3 | Voluntarily entered the Abyss.
 85714 | Depths:3 | Escaped the Abyss
 85883 | Zot:1    | Killed Tiamat
 85947 | Zot:1    | Noticed an orb of fire
 85951 | Zot:1    | Killed an orb of fire
 87667 | Hell     | Entered the Vestibule of Hell
 87667 | Hell     | Noticed Geryon
 87677 | Hell     | Noticed Murray
 87683 | Hell     | Killed Geryon
 87714 | Depths:4 | Killed Murray
 87781 | Hell     | Gained mutation: You are clumsy. (Dex -2) [a cacodemon]
 87807 | Depths:4 | Gained mutation: You are partially covered in iridescent
                  | scales. (AC +2) [a cacodemon]
 88121 | Hell     | Found a gateway to the decaying netherworld of Tartarus.
 88192 | Hell     | Found a gateway to the freezing wastes of Cocytus.
 88261 | Hell     | Found a gateway to the Iron City of Dis.
 88312 | Hell     | Found a gateway to the ashen valley of Gehenna.
 88671 | D:11     | Bought the Omnibus of the Cunning Necropsy for 816 gold
                  | pieces
 88677 | D:11     | Learned a level 5 spell: Yara's Violent Unravelling
 89054 | Zot:2    | Noticed an ancient lich
 89061 | Zot:2    | Noticed an ancient lich
 89379 | Zot:2    | Identified the +1 scale mail of Guzuano {rElec Slay+2}
 90033 | Zot:2    | Killed an ancient lich
 90049 | Zot:2    | Killed an ancient lich
 90486 | Zot:2    | Upgraded the game from 0.32-a0-859-gb0a091d592 to
                  | 0.32-a0-868-g153ae1a8d6
 91055 | Zot:3    | Got the Spellbook of Congelation and the Charnel House
 92109 | Zot:5    | Entered Level 5 of the Realm of Zot
 92358 | Zot:5    | Found a large runed translucent door.
 92358 | Zot:5    | Found a large runed translucent door.
 92359 | Zot:5    | Noticed Konar's ghost (legendary CoHu)
 92526 | Zot:5    | Noticed an orb of fire
 92530 | Zot:5    | Killed an orb of fire
 92641 | Zot:5    | Killed Konar's ghost
 92667 | Zot:5    | Got Otya's Almanac of the Polar Gathering
 92672 | Zot:5    | Upgraded the game from 0.32-a0-868-g153ae1a8d6 to
                  | 0.32-a0-871-ge202e49faa
 92769 | Zot:5    | Noticed an orb of fire
 92775 | Zot:5    | Gained mutation: You are frail. (-10% HP) [an orb of fire]
 92776 | Zot:5    | Gained mutation: You have an uncontrollable temper. [an orb
                  | of fire]
 92778 | Zot:5    | Killed an orb of fire
 92904 | Zot:5    | Noticed an orb of fire
 92907 | Zot:5    | Gained mutation: Armour fits poorly on your strangely
                  | shaped body. [an orb of fire]
 92912 | Zot:5    | Killed an orb of fire
 92958 | Zot:5    | Got Fodyemuwn's Volume of Damage
 93137 | Zot:5    | Noticed an ancient lich
 93141 | Zot:5    | Killed an ancient lich
 93334 | Zot:5    | Noticed an orb of fire
 93334 | Zot:5    | Noticed an orb of fire
 93336 | Zot:5    | Gained mutation: Your spells are a little easier to cast,
                  | but a little less powerful. [an orb of fire]
 93358 | Zot:5    | Killed an orb of fire
 93362 | Zot:5    | Killed an orb of fire
 93366 | Zot:5    | HP: 10/209 [electric golem/bolt of lightning (33)]
 93477 | Zot:5    | Got the Orb of Zot
 93886 | D:13     | Noticed Ilof Yro the pandemonium lord
 93983 | D:8      | Noticed a seraph
 94013 | D:8      | Noticed Wyteujud the pandemonium lord
 94260 | D:$      | Escaped with the Orb!

Illustrated notes

Levels and vault maps discovered:
D:1:      dpeg_arrival_tiny_a, layout_basic
D:2:      cheibrodos_old_hovel, layout_loops_ring, serial_shops,
          nicolae_shop_real_fake_doors, shop, nicolae_shop_tiny_real_fake_doors,
          nicolae_shop_tiny_waterfront, basic_altar, uniq_crazy_yiuf_cottage
D:3:      layout_basic, gammafunk_temple_overflow_forgotten, uniq_jessica,
          uniq_robin
D:4:      layout_loops_corners, okawaru_metal_pillars_1_2,
          amcnicky_altar_gilded, nicolae_ossuary_entry_false_entrances,
          wad_orctagon
D:5:      kennysheep_six_static_rooms, layout_cave_pools, led_sif_pool,
          kennysheep_windowed_goal, uniq_sigmund
D:6:      layout_loops_ring, fedhas_ov_isle_minmay, nzn_wu_jian_council_hall,
          blue_anna_alchemist
D:7:      layout_loops_ring, kennysheep_vampire_church,
          nicolae_overflow_crystal_walls, minmay_temple_entry_offerings,
          uniq_pikel
D:8:      layout_basic, mainiacjoe_overflow_tiny_flanked, xom_teletrap_fun,
          serial_shops, shop, serial_co_window_serial, co_window_paths_b,
          co_window_of_opportunity_a, co_window_paths_b, co_window_paths_a,
          co_window_paths_a, co_window_of_opportunity_a,
          co_window_of_opportunity_a, co_window_broadway_a, co_window_paths_c,
          co_window_paths_c, co_window_of_opportunity_b, co_window_paths_e,
          co_window_4corner_b, glass_columns_a, glass_columns_a,
          nicolae_nh_ransacked_shop
D:9:      minmay_razor_zed, layout_irregular_city, lightli_temple_of_fire,
          marbit_many_paths, ebering_ghost_reflecting_pool,
          hellmonk_guarded_unrand_gong
D:10:     hellmonk_destroyed_diamonds, layout_long_grid, kennysheep_mini_moat,
          erik_orc_3, serial_shops, shop
D:11:     layout_loops_ring, dpeg_lair_monsters, gauntlet_entry_generic,
          nicolae_shop_i_like_big_books
D:12:     layout_stronghold, ploomutoo_gammafunk_ghost_potion_laboratory
D:13:     layout_irregular_city, david_vaults_5
D:14:     layout_roguey, nicolae_lava_and_water,
          serial_library_hellmonk_hallway_a, uniq_azrael
D:15:     grunt_enter_depths_magical_seal, layout_layer_cave,
          minmay_misc_feat_tower
Temple:   hellmonk_temple_two_chambers
Lair:1:   regret_index_malice_mire, layout_misc_corridors, st_stairs_11
Lair:2:   layout_cave_shapes
Lair:3:   layout_long_grid, skrybe_swamp_entry_bodies,
          nicolae_spider_entry_non_spiders, gammafunk_ghost_necromancy,
          serial_bayou_shore_a
Lair:4:   layout_loops_ring, grunt_megastairs_3, lemuel_fruit_fields,
          serial_bayou_shore_b
Lair:5:   cheibrodos_lair_end_hotspot, layout_layer_cave,
          minmay_slime_entry_oklob_open, columned_hall_lemuel,
          grunt_forest_small_clearing_treed
Swamp:1:  layout_basic_swamp, nicolae_swamp_trees_clearing
Swamp:2:  layout_basic_swamp, nicolae_swamp_oxbows, uniq_nikola
Swamp:3:  layout_basic_swamp, evilmike_swamp_ruin_house_4
Swamp:4:  swamp_vile, layout_basic_swamp, swamp_pool_3, hangedman_swamp_diagram,
          nicolae_swamp_triple_paths, infiniplex_staircase_pool
Spider:1: layout_spider_delve, hangedman_spider_tarantella_strand
Spider:2: layout_cave_pods, portal_ice_cave_entry_pillars_1, uniq_roxanne,
          uniq_arachne
Spider:3: layout_spider_delve
Spider:4: spider_rune_water
Slime:1:  layout_caves
Slime:2:  layout_caves, nicolae_slime_welcoming_committee
Slime:3:  layout_caves, cheibrodos_slime_lost_civilization_5
Slime:4:  layout_caves
Slime:5:  slime_pit_nicolae_block_by_block
Orc:1:    layout_caves, uniq_fannar
Orc:2:    st_orc_rangers, layout_caves
Elf:1:    eino_elf_arrival_customs, layout_gridlike, minmay_elf_annihilation,
          elves_outpost_lemuel, uniq_frances
Elf:2:    elven_hall_of_blades_hangedman_original
          [nicolae_vaults_blade_armed_guards], layout_onion_city, serial_shops,
          shop, ebering_ghost_rock_garden
Elf:3:    grunt_elf_hall_diamonds, layout_gridlike, serial_shops, shop,
          uniq_louise
Vaults:1: nicolae_vaults_circle_grid_b, nicolae_vaults_house_2,
          nicolae_vaults_network_quincunx
          [nicolae_vaults_network_quincunx_subvault,
          nicolae_vaults_network_quincunx_subvault,
          nicolae_vaults_network_quincunx_subvault,
          nicolae_vaults_network_quincunx_subvault,
          nicolae_vaults_network_quincunx_subvault],
          nicolae_vaults_trapezoid_lopsided_3, grunt_vaults_focal,
          vaults_room_boxed, vaults_room_guarded_vault, v_misc_33,
          nicolae_vaults_offset_grid_hallway_3, layout_vaults_maze_snakey
Vaults:2: v_misc_1, nicolae_vaults_storage_closets_2,
          nicolae_vaults_storage_closets_1, emtedronai_trogs_sanctum, v_misc_25,
          nicolae_vaults_tetromino_L_2, vaults_room_stairs_pillars,
          nicolae_vaults_tetromino_Z_2, layout_vaults_omnigrid, serial_shops,
          shop_fountains, uniq_aizul, uniq_xtahua
Vaults:3: lightli_enter_wizlab_magi_temple, nicolae_vaults_tangram_2,
          hangedman_vaults_restitches, ontoclasm_vaults_tryst,
          vaults_standard_mumra_x, nicolae_vaults_tetromino_L_2,
          minmay_crypt_entry_skeletal_spiral, nicolae_vaults_fighting_squares,
          nicolae_vaults_closet_pinwheel_4, ontoclasm_vaults_loading_screen,
          nicolae_vaults_wrenched, nicolae_vaults_angled_halls,
          nicolae_vaults_taking_the_gang_shopping, layout_vaults_omnibox,
          uniq_asterion
Vaults:4: v_misc_3, v_misc_29, nicolae_vaults_closet_pinwheel_5,
          nicolae_vaults_apartment_2, nicolae_vaults_closet_pinwheel_5,
          v_misc_12, vaults_mumra_hex, grunt_vaults_hallway_short,
          nicolae_vaults_angled_halls, nicolae_vaults_two_Ls, layout_vaults_ring
Vaults:5
Crypt:1:  layout_regular_city, hellmonk_ghost_big_iron, nicolae_letterblocks
          [nicolae_letter_subblock, nicolae_letter_subblock,
          nicolae_letter_subblock, nicolae_letter_subblock,
          nicolae_letter_subblock, nicolae_letter_subblock,
          nicolae_letter_subblock, nicolae_letter_subblock,
          nicolae_letter_subblock, nicolae_letter_subblock,
          nicolae_letter_subblock, nicolae_letter_subblock,
          nicolae_letter_subblock, nicolae_letter_subblock,
          nicolae_letter_subblock, nicolae_letter_subblock,
          nicolae_letter_subblock, nicolae_letter_subblock,
          nicolae_letter_subblock, nicolae_letter_subblock,
          nicolae_letter_subblock, nicolae_letter_subblock,
          nicolae_letter_subblock, nicolae_letter_subblock,
          nicolae_letter_subblock]
Crypt:2:  layout_chaotic_city, uniq_zenata
Crypt:3:  david_glass_crypt, layout_rooms, nicolae_tomb_entry_rubble_hallway
Tomb:1
Depths:1: minmay_box_of_statues, layout_gridlike, enter_ziggurat_f,
          lightli_too_deep, kennysheep_big_empty_room, grunt_ministairs_8,
          serial_bayou_pond_e, minmay_misc_feat_four_crosses, grunt_potential,
          uniq_saint_roka, uniq_boris
Depths:2: minmay_broken_ring, layout_cave_pools, rand_demon_pan_entry_7,
          hangedman_abyss_or_decor_stabs, hell_entry,
          infiniplex_staircase_pool_2, uniq_enchantress, uniq_josephina,
          uniq_norris
Depths:3: minmay_nine_rooms, layout_cave_pools, nicolae_uskayaw_dance_hall,
          regret_index_abyss_entry_earlier_magic, hellmouth_1,
          kennysheep_generic_room_8
Depths:4: grunt_zot_entry_tricorne, layout_cave_pools,
          cheibrodos_ashenzari_chains, hell_entry
Hell
Zot:1:    bobbens_index_wilting_gardens, layout_cathedral_of_symmetry,
          st_large_dragon_hoard_1, uniq_tiamat
Zot:2:    hangedman_snap_crack_crunch, layout_onion_interference
Zot:3:    kennysheep_oblong_rooms, layout_twisted_circle
Zot:4:    layout_misc_corridors
Zot:5:    layout_cathedral_of_symmetry, ebering_ghost_disaster_area,
          regret_index_zotdec_carving_tricks

Skill      XL: |  1  2  3  4  5  6  7  8  9 10 11 12 13 14 15 16 17 18 19 20 21 22 23 24 25 26 27 |
---------------+----------------------------------------------------------------------------------+-----
Spellcasting   | 5 6 7 8 9 10 12 13 14 15 17 18 19 20 21 22 23 24 27 | 27.0
Invocations    | 1 2 3 4 5 6 7 8 10 11 12 13 14 15 16 17 18 19 20 24 | 24.5
Fighting       | 1 2 3 5 6 7 8 9 10 11 12 13 14 15 16 17 18 22 | 22.8
Short Blades   | 1 2 3 5 6 7 8 9 10 11 12 13 14 15 16 17 18 22 | 22.8
Long Blades    | 1 2 3 5 6 7 8 9 10 11 12 13 14 15 16 17 18 22 | 22.8
Axes           | 1 2 3 5 6 7 8 9 10 11 12 13 14 15 16 17 18 22 | 22.8
Maces & Flails | 1 2 3 5 6 7 8 9 10 11 12 14 15 16 17 18 19 20 21 22 23 27 | 27.0
Polearms       | 1 2 3 5 6 7 8 9 10 11 12 13 14 15 16 17 18 22 | 22.8
Staves         | 1 2 3 5 6 7 8 9 10 11 12 13 14 15 16 17 18 22 | 22.8
Ranged Weapons | 1 2 3 5 6 7 8 9 10 11 12 13 14 15 16 17 18 22 | 22.8
Throwing       | 1 2 3 5 6 7 8 9 10 11 12 13 14 15 16 17 18 22 | 22.8
Armour         | 1 2 3 5 6 7 8 9 10 11 12 13 14 15 16 17 18 25 | 25.2
Shields        | 1 2 3 5 6 7 8 9 10 11 12 13 14 15 16 17 18 22 | 22.8
Unarmed Combat | 1 2 3 5 6 7 8 9 10 11 12 13 14 15 16 17 18 22 | 22.8
Evocations     | 1 2 3 5 6 7 8 9 10 11 12 13 14 15 16 17 18 22 | 22.8
Shapeshifting  | 1 2 3 4 5 6 7 8 9 10 11 12 13 14 15 16 17 21 | 21.1
Hexes          | 1 2 3 4 5 6 7 8 9 10 11 12 13 14 15 19 | 19.5
Summonings     | 1 2 3 4 5 6 7 8 9 10 11 12 13 14 15 22 | 22.4
Necromancy     | 1 2 3 4 5 6 7 8 9 10 11 12 13 14 15 19 | 19.5
Translocations | 1 2 3 4 5 6 7 8 9 10 11 12 13 14 15 16 17 18 19 23 | 23.7
Fire Magic     | 1 2 3 4 5 6 7 8 9 10 11 12 13 14 15 19 | 19.5
Ice Magic      | 1 2 3 4 5 6 7 8 9 10 11 12 13 14 15 19 | 19.5
Air Magic      | 1 2 3 4 5 6 7 8 9 10 11 12 13 14 15 19 | 19.5
Earth Magic    | 1 2 3 4 5 6 7 8 9 10 11 12 13 14 15 19 | 19.5
Alchemy        | 1 2 3 4 5 6 7 8 9 10 11 12 13 14 15 19 | 19.5
Dodging        | 5 6 7 8 9 10 11 12 13 14 15 16 17 18 19 23 | 23.1
Stealth        | 5 6 7 8 9 10 11 12 13 14 15 16 17 18 19 23 | 23.1
Conjurations   | 8 9 10 11 12 13 14 15 16 17 20 | 20.5

Action                     |  1- 3 |  4- 6 |  7- 9 | 10-12 | 13-15 | 16-18 | 19-21 | 22-24 | 25-27 || total
---------------------------+-------+-------+-------+-------+-------+-------+-------+-------+-------++-------
  Melee: Quarterstaff      |       |    85 |   126 |   142 |       |       |       |       |       ||   353
         Bite              |       |    12 |    16 |    29 |    35 |    39 |     4 |       |    45 ||   180
         Dagger            |       |     1 |       |       |       |       |       |       |       ||     1
         Quick blade       |       |       |       |    59 |   193 |    22 |     5 |       |       ||   279
         Staff             |       |       |       |       |    47 |   241 |     9 |       |    71 ||   368
         Broad axe         |       |       |       |       |       |    22 |       |       |       ||    22
         Scimitar          |       |       |       |       |       |       |       |       |   124 ||   124
   Cast: Magic Dart        |    22 |    37 |    46 |    59 |     9 |     1 |     3 |       |       ||   177
         Searing Ray       |     4 |    15 |    47 |    68 |    13 |       |       |       |       ||   147
         Frozen Ramparts   |       |       |     3 |    17 |    41 |     1 |       |       |       ||    62
         Iskenderun's Myst |       |       |     1 |    17 |   213 |   178 |    52 |    63 |   303 ||   827
         Olgreb's Toxic Ra |       |       |       |    73 |   178 |   172 |    14 |       |     9 ||   446
         Blink             |       |       |       |     2 |       |       |       |     1 |     1 ||     4
         Dispel Undead     |       |       |       |    12 |    47 |    24 |    15 |    12 |   156 ||   266
         Fulminant Prism   |       |       |       |     7 |       |     1 |       |       |       ||     8
         Plasma Beam       |       |       |       |       |     9 |    68 |     8 |    10 |    24 ||   119
         Permafrost Erupti |       |       |       |       |       |   122 |   453 |   517 |  2028 ||  3120
         Ignition          |       |       |       |       |       |       |       |    12 |    70 ||    82
         Ignite Poison     |       |       |       |       |       |       |       |       |     2 ||     2
         Lee's Rapid Decon |       |       |       |       |       |       |       |       |   115 ||   115
         Disjunction       |       |       |       |       |       |       |       |       |     6 ||     6
         Yara's Violent Un |       |       |       |       |       |       |       |       |     1 ||     1
  Evoke: Wand              |       |     1 |     2 |     1 |     2 |     6 |       |       |     2 ||    14
         Phantom mirror    |       |       |       |       |       |       |       |       |     2 ||     2
         Horn of Geryon    |       |       |       |       |       |       |       |       |     1 ||     1
    Use: Scroll            |       |     9 |     4 |    17 |     4 |     2 |     1 |     1 |     7 ||    45
         Potion            |       |       |       |       |     2 |       |       |       |     8 ||    10
   Stab: Sleeping          |       |     7 |    10 |     8 |       |       |     1 |       |     4 ||    30
         Distracted        |       |     1 |       |       |       |     2 |       |       |     2 ||     5
         Paralysed         |       |     1 |       |       |       |       |       |       |       ||     1
         Confused          |       |       |     1 |     1 |       |       |       |       |       ||     2
         Invisible         |       |       |       |       |       |     2 |       |       |       ||     2
 Armour: Robe              |     5 |    37 |    90 |    16 |       |       |       |       |       ||   148
         Leather armour    |       |       |       |   151 |   113 |   252 |    71 |    19 |       ||   606
         Acid dragon scale |       |       |       |       |       |       |       |    33 |   520 ||   553
  Dodge: Dodged            |     4 |    64 |   104 |   130 |    24 |    47 |    12 |    16 |   270 ||   671
  Block: Other             |       |       |    23 |    57 |       |       |       |       |       ||    80
         Reflection        |       |       |       |    11 |    43 |    91 |    14 |       |       ||   159
         Kite shield       |       |       |       |    41 |   336 |   711 |   183 |   103 |  1029 ||  2403

Table legend: (Time is in decaauts)
 A = Elapsed time spent in this place.
 B = Non-inter-level travel time spent in this place.
 C = Inter-level travel time spent in this place.
 D = Time resting spent in this place.
 E = Time spent auto-exploring this place.
 F = Levels seen in this place.
 G = Mean time per level.
                   A        B        C        D        E       F      G
               +--------+--------+--------+--------+--------+-----+--------+
         Total |  94387 |  81138 |  13249 |   3384 |  61201 | 101 |  934.5 |
       Dungeon |  24579 |  18513 |   6066 |    297 |  15425 |  15 | 1638.6 |
        Temple |     12 |     12 |      0 |      0 |      0 |   1 |   12.0 |
          Lair |   9331 |   8487 |    844 |      0 |   6760 |   5 | 1866.2 |
         Swamp |   4713 |   4495 |    218 |    116 |   3765 |   4 | 1178.2 |
   Spider Nest |   7085 |   6727 |    358 |   1808 |   3903 |   4 | 1771.2 |
    Slime Pits |   5229 |   4143 |   1086 |     32 |   2693 |   5 | 1045.8 |
  Orcish Mines |   1437 |   1199 |    238 |      0 |    985 |   2 |  718.5 |
   Elven Halls |   5295 |   4860 |    435 |      0 |   4160 |   3 | 1765.0 |
        Vaults |   7921 |   6409 |   1512 |    217 |   4819 |   5 | 1584.2 |
         Crypt |   3126 |   2722 |    404 |    115 |   1887 |   3 | 1042.0 |
          Tomb |   1330 |   1160 |    170 |     26 |    744 |   1 | 1330.0 |
        Depths |   6442 |   5217 |   1225 |     24 |   4098 |   4 | 1610.5 |
          Hell |    571 |    556 |     15 |     34 |    386 |   1 |  571.0 |
           Zot |   6414 |   5741 |    673 |      0 |   4631 |   5 | 1282.8 |
         Abyss |   8746 |   8746 |      0 |    715 |   5366 |  40 |  218.6 |
       Ossuary |    698 |    698 |      0 |      0 |    471 |   1 |  698.0 |
        Wizlab |    470 |    470 |      0 |      0 |    339 |   1 |  470.0 |
      Gauntlet |    980 |    980 |      0 |      0 |    767 |   1 |  980.0 |
               +--------+--------+--------+--------+--------+-----+--------+

Top non-repeatable levels by time:
 Abyss:3: 6983 daAuts
  Lair:5: 2979 daAuts
Spider:1: 2530 daAuts
  Lair:1: 2460 daAuts
Depths:3: 2203 daAuts
     D:9: 2103 daAuts
    D:12: 2065 daAuts
    D:15: 2063 daAuts
Spider:4: 2022 daAuts
   Elf:1: 2011 daAuts
   Zot:1: 1936 daAuts
     D:8: 1930 daAuts
  Lair:3: 1925 daAuts
    D:11: 1899 daAuts
Vaults:3: 1866 daAuts
